 Dungeon Crawl Stone Soup version bcrawl-1.13 (webtiles) character file.

Game seed: 3710987487943095743

30 Camlann the Sneak (level 3, 25/29 HPs)
             Began as a Demonspawn Archaeologist on July 27, 2019.
             Quit the game on level 2 of the Dungeon.
             The game lasted 00:01:32 (1371 turns).

Camlann the Sneak (Demonspawn Archaeologist)        Turns: 1371, Time: 00:01:33

Health: 25/29      AC: 13    Str: 14    XL:     3   Next: 3%
Magic:  3/3        EV: 12    Int: 15    God:
Gold:   111        SH:  0    Dex: 11    Spells: 2/2 levels left

rFire    + . .     SeeInvis .   d - +2 mace (protect)
rCold    . . .     Gourm    .   (no shield)
rNeg     . . .     Faith    .   b - +1 robe
rPois    .         Spirit   .   c - +1 hat
rElec    .         Reflect  .   (no cloak)
rCorr    .         Harm     .   (no gloves)
MR       .....     Rnd*Tele +   (no boots)
Stlth    ++........             (no amulet)
HPRegen  0.09/turn              k - ring of teleportation (curse)
MPRegen  0.08/turn              (no ring)

@: protection aura, studying Spellcasting
A: talons 2, molten scales 1, fire resistance 1, strong 1, subdued magic 1
a: no special abilities


You were on level 2 of the Dungeon.
You were not hungry.

You visited 1 branch of the dungeon, and saw 2 of its levels.

You collected 111 gold pieces.

Inventory:

Hand Weapons
 d - a +2 mace of protection (weapon)
Armour
 b - a +1 robe (worn)
 c - a +1 hat (worn)
Jewellery
 k - a cursed ring of teleportation (left hand)
Wands
 a - a wand of acid (10)
Scrolls
 h - a scroll of remove curse {unknown}
 i - a scroll of teleportation {unknown}
 j - 3 scrolls of amnesia {unknown}
Books
 e - a manual of Spellcasting
Miscellaneous
 f - an ancient crate
Comestibles
 g - 5 rations {!d}


   Skills:
 + Level 3.0 Fighting
 - Level 0.8 Maces & Flails
 - Level 2.6 Dodging
 - Level 3.0 Stealth


You had 2 spell levels left.
You didn't know any spells.
Your spell library was empty.

Dungeon Overview and Level Annotations

Branches:
Dungeon (2/12)

Altars:
Vehumet


Innate Abilities, Weirdness & Mutations

You have razor-sharp toenails.
You are partially covered in molten scales. (AC +2)
Your flesh is heat resistant. (rF+)
Your muscles are strong. (Str +2)
Your spells are a little easier to cast, but a little less powerful.


Message History

Eating a chunk of flesh.
You eat the chunk of flesh.
Found a leather armour.
A dart slug comes into view.
You see here a pair of boots.
An adder comes into view.
The dart slug launches a dart at you. The slug dart hits you!
You sock the dart slug!
Your weapon exudes an aura of protection.
The dart slug launches a dart at you. The slug dart misses you.
You hit the dart slug.
You kill the dart slug!
You have reached level 3!
Your experience leads to an increase in your attributes!
Your base attributes are Str 11, Int 15, Dex 11.
Increase (S)trength, (I)ntelligence, or (D)exterity?
You feel stronger.
Your demonic ancestry asserts itself...
Molten scales grow over part of your body.
You have an epiphany!
The dusty tome is a manual of Spellcasting!
Reading it may be key to unlocking the crate...

#........#####....
+............'....
#.....[..#####....
#........# #....
#........# #....
#####........#
#....
#[.....[.....#
#....
#......#######
#.... #....@.#
#.... #......#
#.... #....S.#
#......# #......#
#......# #......#
#......#


You could see an adder.

Vanquished Creatures
  A worm (D:2)
  2 dart slugs
  3 bats (D:1)
  A giant cockroach (D:1)
  2 goblins
  4 hobgoblins
  3 kobolds
  A ball python (D:1)
  2 frilled lizards (D:1)
  3 rats
22 creatures vanquished.

Notes
Turn   | Place    | Note
-------+----------+-------------------------------------------
     0 | D:1      | Camlann the Demonspawn Archaeologist began the quest for
                  | the Orb.
     0 | D:1      | Reached XP level 1. HP: 15/15 MP: 1/1
   500 | D:1      | Gained mutation: You have sharp toenails. [demonic
                  | ancestry]
   500 | D:1      | Reached XP level 2. HP: 20/22 MP: 2/2
   772 | D:1      | Gained mutation: Your muscles are strong. (Str +2) [potion
                  | of mutation]
   772 | D:1      | Gained mutation: You have razor-sharp toenails. [potion of
                  | mutation]
   772 | D:1      | Gained mutation: Your spells are a little easier to cast,
                  | but a little less powerful. [potion of mutation]
   772 | D:1      | Gained mutation: Your flesh is heat resistant. (rF+)
                  | [potion of mutation]
  1129 | D:2      | Found a radiant altar of Vehumet.
  1370 | D:2      | Gained mutation: You are partially covered in molten
                  | scales. (AC +2) [demonic ancestry]
  1370 | D:2      | Reached XP level 3. HP: 25/29 MP: 3/3
  1371 | D:2      | Quit the game

Skill      XL: |  1  2 |
---------------+-------+-----
Fighting       | 2 3 |  3.0
Maces & Flails | |  0.8
Dodging        | |  2.6
Stealth        | |  3.0

Action                   || total
-------------------------++-------
Melee: Whip              ||    79
       Mace              ||    16
       Kick              ||     4
  Use: Potion            ||     2
       Scroll            ||     1
 Stab: Sleeping          ||     4
  Eat: Chunk             ||     2
Armor: Robe              ||    43
Dodge: Dodged            ||    60
